 Dungeon Crawl Stone Soup version 0.31-a0-876-gfe8ebadbca (webtiles) character file.

Game seed: 17789368665167179246

624 CowFu the Poker (level 7, -1/47 (56) HPs)
             Began as a Gnoll Reaver on Oct 14, 2023.
             Succumbed to a water moccasin's poison
             ... in the Ecumenical Temple.
             The game lasted 00:02:55 (3082 turns).

CowFu the Poker (Gnoll Reaver)                      Turns: 3082, Time: 00:02:56

HP:   -1/47 (56)    AC:  4    Str: 20    XL:     7   Next: 47%
MP:   13/15         EV: 11    Int: 12    God:
Gold: 218           SH:  7    Dex: 10    Spells: 16/17 levels left

rFire   . . .        v - +0 trident
rCold   + . .        d - +0 kite shield
rNeg    . . .        b - +0 leather armour
rPois   .            w - +0 helmet
rElec   .            (no cloak)
rCorr   .            (no gloves)
SInv    .            (no boots)
Will    .....        m - amulet of the acrobat
Stlth   ++           k - ring of protection from cold
HPRegen 0.27/turn    n - +6 ring of strength
MPRegen 0.14/turn

%: acrobat
@: lethally poisoned (-1 -> -34), very slightly contaminated, heavily drained
A: fangs 1, strong nose, distributed training
a: no special abilities


You were in the Ecumenical Temple.
You visited 2 branches of the dungeon, and saw 5 of its levels.

You collected 218 gold pieces.

Inventory:

Hand Weapons
 v - a +0 trident (weapon)
Armour
 b - a +0 leather armour (worn)
 d - a +0 kite shield (worn)
 w - a +0 helmet (worn)
Jewellery
 h - an amulet of faith
 k - a ring of protection from cold (left hand)
 m - an amulet of the acrobat (around neck)
 n - a +6 ring of strength (right hand)
Wands
 y - a wand of charming (5)
Scrolls
 e - 2 scrolls of teleportation {unknown}
 f - 2 scrolls of immolation {unknown}
 g - a scroll of enchant weapon {unknown}
 i - a scroll of torment {unknown}
 j - a scroll of brand weapon {unknown}
 l - 2 scrolls of vulnerability {unknown}
 r - a scroll of fog {unknown}
 s - 5 scrolls of identify {unknown}
 u - a scroll of acquirement {unknown}
Potions
 a - a potion of mutation {unknown}
 c - 2 potions of lignification
 o - a potion of brilliance {unknown}
 p - a potion of magic {unknown}
 q - a potion of heal wounds {unknown}
 t - a potion of haste {unknown}
 x - 2 potions of curing {unknown}
 z - a potion of cancellation {unknown}
 A - a potion of ambrosia {unknown}


   Skills:
 + Level 5.3 Fighting
 + Level 2.5 Short Blades
 + Level 2.5 Long Blades
 + Level 2.5 Axes
 + Level 2.5 Maces & Flails
 + Level 7.1 Polearms
 + Level 2.5 Staves
 + Level 2.5 Ranged Weapons
 + Level 2.5 Throwing
 + Level 2.5 Armour
 + Level 5.3 Dodging
 + Level 2.5 Stealth
 + Level 2.5 Shields
 + Level 2.5 Unarmed Combat
 + Level 5.6 Spellcasting
 + Level 5.8 Conjurations
 + Level 2.1 Hexes
 + Level 2.1 Summonings
 + Level 2.1 Necromancy
 + Level 2.1 Translocations
 + Level 2.1 Transmutations
 + Level 2.1 Fire Magic
 + Level 2.1 Ice Magic
 + Level 2.1 Air Magic
 + Level 2.1 Earth Magic
 + Level 2.1 Poison Magic
 + Level 2.8 Invocations
 + Level 2.5 Evocations
 + Level 2.3 Shapeshifting


You had 16 spell levels left.
You knew the following spells:

 Your Spells              Type           Power      Damage    Failure   Level
a - Kiss of Death         Conj/Necr      52%        2d9       11%         1

Your spell library contained the following spells:

 Spells                   Type           Power      Damage    Failure   Level
 Momentum Strike          Conj/Tloc      26%        3d8       16%         2
 Hailstorm                Conj/Ice       13%        3d5       32%         3
 Sublimation of Blood     Necr           8%         N/A       34%         2
 Ozocubu's Armour         Ice            8%         N/A       56%         3
 Petrify                  Tmut/Erth      8%         N/A       93%         4
 Summon Ice Beast         Ice/Summ       8%         N/A       93%         4
 Irradiate                Conj/Tmut      6%         3d13      96%         5
 Metabolic Englaciation   Hex/Ice        4%         N/A       100%        5
 Simulacrum               Ice/Necr       4%         N/A       100%        6


Dungeon Overview and Level Annotations

Branches:
Dungeon (4/15)             Temple (1/1) D:4

Altars:
Cheibriados
Dithmenos
Gozag
Hepliaklqana
Kikubaaqudgha
Makhleb
Nemelex Xobeh
Okawaru
Qazlal
Ru
Uskayaw
Vehumet
Xom
Yredelemnul
The Shining One

Shops:
D:4 *


Innate Abilities, Weirdness & Mutations

You have very sharp teeth.
Your uncanny sense of smell can sniff out nearby items.
Your experience applies equally to all skills.


Message History

The water moccasin poisons you!
The water moccasin bites you but does no damage.
You closely miss the water moccasin.
The water moccasin is moderately wounded.
You feel very sick. The water moccasin barely misses you.
You barely miss the water moccasin.
The water moccasin is moderately wounded.
You feel very sick.
The water moccasin completely misses you.
You block the water moccasin's attack.
You are too injured to fight recklessly!
You closely miss the water moccasin.
The water moccasin is moderately wounded.
You feel very sick.
The water moccasin bites you but does no damage.
Casting: Kiss of Death (safe; 11% risk of failure)
Confirm with . or Enter, or press ? or * to list all spells.
Aiming: Kiss of Death (safe; 11% risk of failure)
Press: ? - help, Shift-Dir - straight line, f - water moccasin
Aim: a water moccasin (moderately wounded, 100% to hit)
The negative energy hits the water moccasin!
The water moccasin is drained!
The water moccasin is severely wounded.
You feel drained.
You feel sick. The water moccasin bites you.
* * * LOW HITPOINT WARNING * * *
You are lethally poisoned!
The water moccasin poisons you! The water moccasin bites you.
* * * LOW HITPOINT WARNING * * *
You are more poisoned.
The water moccasin poisons you!
Casting: Kiss of Death (safe; 11% risk of failure)
Confirm with . or Enter, or press ? or * to list all spells.
Aiming: Kiss of Death (safe; 11% risk of failure)
Press: ? - help, Shift-Dir - straight line, f/p - water moccasin
Aim: a water moccasin (severely wounded, lightly drained, 100% to hit)
You miscast Kiss of Death.
You are very lightly contaminated with residual magic.
Nothing appears to happen.
You die...

#....#.........#....#
##...##§§§§§§§##...##
#_...##§§§§§##..._#
##....#######....##
#...............#
##_..........._##
##...........##
##_......._##
####.@S#### #####


You could see a water moccasin (drained).

Vanquished Creatures
  Pikel (D:4)
  A hound (D:4)
  Robin (D:2)
  4 adders
  An ufetubus (D:4)
  A worm (D:2)
  4 dart slugs
  4 orcs (D:3)
  3 ball pythons
  A bat (D:3)
  6 endoplasms
  2 giant cockroaches
  11 goblins
  5 hobgoblins
  10 jackals
  6 kobolds
  2 quokkas (D:1)
  2 frilled lizards (D:1)
  4 rats
69 creatures vanquished.

Notes
Turn   | Place    | Note
-------+----------+-------------------------------------------
     0 | D:1      | CowFu the Gnoll Reaver began the quest for the Orb.
     0 | D:1      | Reached XP level 1. HP: 20/20 MP: 6/6
   193 | D:1      | Reached XP level 2. HP: 23/26 MP: 7/7
   405 | D:1      | Reached XP level 3. HP: 31/31 MP: 9/9
   406 | D:1      | Reached skill level 5 in Spellcasting
   770 | D:2      | Reached skill level 1 in Invocations
   977 | D:2      | Noticed Robin
   988 | D:2      | Reached skill level 1 in Short Blades
   988 | D:2      | Reached skill level 1 in Long Blades
   988 | D:2      | Reached skill level 1 in Axes
   988 | D:2      | Reached skill level 1 in Maces & Flails
   988 | D:2      | Reached skill level 1 in Staves
   988 | D:2      | Reached skill level 1 in Ranged Weapons
   988 | D:2      | Reached skill level 1 in Throwing
   988 | D:2      | Reached skill level 1 in Armour
   988 | D:2      | Reached skill level 1 in Stealth
   988 | D:2      | Reached skill level 1 in Shields
   988 | D:2      | Reached skill level 1 in Unarmed Combat
   988 | D:2      | Reached skill level 1 in Evocations
  1198 | D:2      | Reached skill level 1 in Shapeshifting
  1198 | D:2      | Reached XP level 4. HP: 27/38 MP: 11/11
  1645 | D:2      | Killed Robin
  1755 | D:3      | Reached skill level 1 in Hexes
  1755 | D:3      | Reached skill level 1 in Summonings
  1755 | D:3      | Reached skill level 1 in Necromancy
  1755 | D:3      | Reached skill level 1 in Translocations
  1755 | D:3      | Reached skill level 1 in Transmutations
  1755 | D:3      | Reached skill level 1 in Fire Magic
  1755 | D:3      | Reached skill level 1 in Ice Magic
  1755 | D:3      | Reached skill level 1 in Air Magic
  1755 | D:3      | Reached skill level 1 in Earth Magic
  1755 | D:3      | Reached skill level 1 in Poison Magic
  2317 | D:3      | Reached XP level 5. HP: 42/43 MP: 12/12
  2756 | D:4      | Noticed Pikel
  2756 | D:4      | Noticed a lemure
  2756 | D:4      | Noticed a lemure
  2756 | D:4      | Noticed a lemure
  2758 | D:4      | Noticed a lemure
  2789 | D:4      | Killed Pikel
  2790 | D:4      | Reached skill level 5 in Fighting
  2790 | D:4      | Reached skill level 7 in Polearms
  2790 | D:4      | Reached skill level 5 in Dodging
  2790 | D:4      | Reached XP level 6. HP: 9/51 MP: 9/14
  2790 | D:4      | Reached XP level 7. HP: 10/56 MP: 9/15
  3047 | D:4      | Found a staircase to the Ecumenical Temple.
  3067 | D:4      | Found Yribuat's Serpentskin Sales.
  3076 | Temple   | Entered the Ecumenical Temple
  3082 | Temple   | Succumbed to a water moccasin's poison

Illustrated notes

Levels and vault maps discovered:
D:1:      spicycebolla_arrival_xxxplode, layout_basic, hangedman_decor_points,
          interstate_on_off
D:2:      layout_loops_ring, serial_aquarium, aquarium_bridge_square
          [aquarium_subvault_bridge, aquarium_subvault_bridge,
          aquarium_subvault_window, aquarium_subvault_wall],
          aquarium_bridge_island_small [aquarium_subvault_small_open,
          aquarium_subvault_window, aquarium_subvault_balcony,
          aquarium_subvault_bridge, aquarium_subvault_window],
          aquarium_window_1, aquarium_window_corridor_2, aquarium_view_2g,
          aquarium_view_2b, uniq_robin
D:3:      layout_basic
D:4:      layout_rooms, minmay_temple_entry_offerings, hangedman_glass_teeth,
          guppyfry_shop_venom, uniq_pikel
Temple:   hellmonk_temple_of_storms

Skill      XL: |  1  2  3  4  5 |
---------------+----------------+-----
Spellcasting   | 5 |  5.6
Invocations    | 1 2 |  2.8
Short Blades   | 1 2 |  2.5
Long Blades    | 1 2 |  2.5
Axes           | 1 2 |  2.5
Maces & Flails | 1 2 |  2.5
Staves         | 1 2 |  2.5
Ranged Weapons | 1 2 |  2.5
Throwing       | 1 2 |  2.5
Armour         | 1 2 |  2.5
Stealth        | 1 2 |  2.5
Shields        | 1 2 |  2.5
Unarmed Combat | 1 2 |  2.5
Evocations     | 1 2 |  2.5
Shapeshifting  | 1 2 |  2.3
Hexes          | 1 2 |  2.1
Summonings     | 1 2 |  2.1
Necromancy     | 1 2 |  2.1
Translocations | 1 2 |  2.1
Transmutations | 1 2 |  2.1
Fire Magic     | 1 2 |  2.1
Ice Magic      | 1 2 |  2.1
Air Magic      | 1 2 |  2.1
Earth Magic    | 1 2 |  2.1
Poison Magic   | 1 2 |  2.1
Fighting       | 5 |  5.3
Polearms       | 7 |  7.1
Dodging        | 5 |  5.3
Conjurations   | |  5.8

Action                     |  1- 3 |  4- 6 |  7- 9 || total
---------------------------+-------+-------+-------++-------
  Melee: Spear             |   173 |   103 |       ||   276
         Bite              |     9 |     9 |     1 ||    19
         Trident           |       |    39 |    15 ||    54
   Cast: Kiss of Death     |       |     3 |     1 ||     4
    Use: Potion            |       |     1 |       ||     1
   Stab: Sleeping          |       |     1 |       ||     1
 Armour: Leather armour    |    61 |    52 |    13 ||   126
         Skin              |       |     7 |       ||     7
  Dodge: Dodged            |    65 |    63 |     5 ||   133
  Block: Kite shield       |    15 |    47 |     7 ||    69

Table legend: (Time is in decaauts)
 A = Elapsed time spent in this place.
 B = Non-inter-level travel time spent in this place.
 C = Inter-level travel time spent in this place.
 D = Time resting spent in this place.
 E = Time spent auto-exploring this place.
 F = Levels seen in this place.
 G = Mean time per level.
                   A        B        C        D        E       F      G
               +--------+--------+--------+--------+--------+-----+--------+
         Total |   3053 |   3019 |     34 |      0 |   2428 |   5 |  610.6 |
       Dungeon |   3047 |   3013 |     34 |      0 |   2428 |   4 |  761.8 |
        Temple |      6 |      6 |      0 |      0 |      0 |   1 |    6.0 |
               +--------+--------+--------+--------+--------+-----+--------+

Top non-repeatable levels by time:
     D:2: 989 daAuts
     D:3: 893 daAuts
     D:1: 698 daAuts
     D:4: 466 daAuts
  Temple: 6 daAuts
